AoeStats
← Merouane

Arena

508518663Analyzed
1v1 RM · 8d ago on Sep 22, 2026· 107m 0s· 2 players
Game mode
Random Map
Map size
Tiny (2 player)
Population
200
Speed
Normal
Resources
Standard
Victory
Conquest
Starting age
Dark Age
Ending age
Imperial Age
RankedLock teamsTeams togetherTeam positionsShared explorationLock speedFull tech treeHidden civsTurbo modeCheats
Victory
Defeat
🇫🇷 Persians · France
33
+14
🇮🇱 Wu · Israel
—
FusedConch3153
0:53 Loom
12:19 Feudal Age
13:00 Double-Bit Axe
12:59 Horse Collar
15:23 Gold Mining
17:39 Wheelbarrow
17:10 Town Watch
19:44 Stone Mining
22:37 Arson
25:43 Castle Age
24:17 Forging
26:18 Scale Barding Armor
26:15 Scale Mail Armor
26:32 Bloodlines
28:11 Bow Saw
28:05 Heavy Plow
28:51 Fervor
31:49 Stone Shaft Mining
33:51 Gold Shaft Mining
34:43 Hand Cart
34:28 Town Patrol
34:36 Husbandry
39:47 Iron Casting
39:03 Fletching
39:29 Chain Mail Armor
39:15 Padded Archer Armor
39:36 Chain Barding Armor
50:42 Imperial Age
85:36 Blast Furnace
85:07 Plate Mail Armor
85:28 Plate Barding Armor
85:01 Bodkin Arrow
88:46 Leather Archer Armor
92:02 Ballistics
92:42 Chemistry
91:34 Guard Tower
91:40 Murder Holes
93:41 Bracer
103:23 Man-at-Arms
103:30 Pikeman
104:12 Squires
Merouane
15:25 Feudal Age
16:31 Horse Collar
16:42 Double-Bit Axe
17:38 Wheelbarrow
17:43 Gold Mining
21:20 Fletching
21:31 Padded Archer Armor
21:31 Scale Mail Armor
21:42 Forging
21:38 Scale Barding Armor
23:22 Stone Mining
27:17 Castle Age
27:59 Squires
27:20 Pikeman
27:46 Arson
27:47 Gambesons
27:23 Man-at-Arms
30:09 Heavy Plow
30:23 Bow Saw
30:26 Long Swordsman
33:48 Iron Casting
33:28 Chain Mail Armor
33:30 Leather Archer Armor
34:53 Husbandry
35:05 Bloodlines
35:38 Light Cavalry
37:04 Gold Shaft Mining
43:00 Heated Shot
43:06 Murder Holes
43:03 Guard Tower
43:24 Masonry
45:31 Hand Cart
50:49 Stone Shaft Mining
52:25 Ballistics
58:44 Chain Barding Armor
58:20 Bodkin Arrow
66:14 Imperial Age
68:14 Chemistry
67:46 Architecture
67:51 Plate Mail Armor
75:32 Devotion
76:08 Theocracy
83:35 Plate Barding Armor
83:31 Ring Archer Armor
84:10 Blast Furnace
92:21 Halberdier
95:48 Kamandaran
95:08 Elite War Elephant
95:59 Citadels
95:21 Sappers
96:12 Conscription
96:28 Hoardings
106:09 Crop Rotation
Connection lost

Rejoining the realm…

Still unreachable

The connection could not be restored.

Session expired

The server has moved on; the page needs a fresh start.